Griffins vs Rafales (R1)

Created - May 16, 2018 at 19:02

Goals
1 2 3 T
Griffins 0 3 1 4
Rafales 0 2 1 3
Shots
1 2 3 T
Griffins 10 14 8 32
Rafales 13 17 7 37

1st period

No Goal

Penalties :
Jamie Arniel (Cap) for Tripping (Minor) at 3:20

2nd period

1. Griffins , Greg Mauldin 4 (J.T. Brown 4, Oscar Klefbom 7) at 1:09
2. Rafales , Maksim Mayorov 1 (Mark Fayne 9, Jarret Stoll 4) at 1:33
3. Rafales , Jarret Stoll 3 (Mark Fayne 10, Tim Crowder 6) at 12:09
4. Griffins , J.T. Brown 3 (Greg Mauldin 4) at 12:58
5. Griffins , Quinton Howden 1 (Mike Duco 1, Jamie Arniel 5) at 19:50

Penalties :
Oscar Klefbom (Cap) for Tripping (Minor) at 16:42

3rd period

6. Griffins , Ben Hanowski 8 (Robert Dome 7, Justin Braun 3) at 1:18
7. Rafales , Jarret Stoll 4 (Julian Melchiori 5) at 18:45

Penalties :
Cody McLeod (Stf) for Roughing (Minor) at 1:24, Devin Shore (Cap) for Roughing (Minor) at 5:50, Lukas Krajicek (Cap) for Hooking (Minor) at 9:52, Nathan Davis (Stf) for Diving (Minor) at 13:51, Dylan McIlrath (Stf) for Hooking (Minor) at 16:02

Goalie Stats

Malcolm Subban (Cap), 34 saves from 37 shots - (0.919), W, 2-0-1, 60:00 minutes
Philipp Grubauer (Stf), 28 saves from 32 shots - (0.875), L, 6-2-0, 59:04 minutes

Players Stats for Griffins

Player Name              G  A  P  +/- PIM S  H  SB GA TA FO     MP     PP MP  PK MP  
------------------------------------------------------------------------------------
Ben Hanowski             1  0  1   0  0   7  1  0  2  0  0/1    14:46   2:47   0:00 
Devin Shore              0  0  0   0  2   2  3  0  0  0  7/11   16:43   2:47   1:51 
Gord Baldwin             0  0  0  -1  0   0  2  1  0  2  0/0    19:17   0:00   4:29 
Greg Mauldin             1  1  2   1  0   2  0  0  0  0  1/2     9:08   0:00   0:00 
J.T. Brown               1  1  2   1  0   1  2  0  1  0  0/0     9:15   0:05   0:00 
Jamie Arniel             0  1  1   0  2   4  2  0  2  0  18/30  22:14   3:05   3:04 
Jan Mursak               0  0  0   0  0   1  1  1  0  1  0/1    12:23   0:05   2:10 
Justin Braun             0  1  1   1  0   0  0  0  1  0  0/0    17:50   0:00   4:00 
Lukas Krajicek           0  0  0   1  2   1  1  2  0  0  0/0    24:41   2:55   3:03 
Mike Duco                0  1  1   0  0   0  3  0  1  1  0/0    12:16   0:00   2:10 
Oscar Klefbom            0  1  1   1  2   0  0  3  0  0  0/0    21:24   2:55   0:33 
Petr Pohl                0  0  0   0  0   4  1  1  0  1  1/2    22:00   3:05   4:03 
Petter Granberg          0  0  0  -1  0   0  0  0  0  0  0/0    15:41   3:02   0:00 
Pontus Aberg             0  0  0   1  0   1  1  0  0  0  0/0     9:15   0:05   0:00 
Quinton Howden           1  0  1   0  0   1  0  0  0  0  2/4     9:45   0:00   0:51 
Robert Dome              0  1  1   0  0   3  1  0  1  0  0/1    15:02   3:05   0:00 
Simon Despres            0  0  0   1  0   1  3  0  0  1  0/0    21:05   3:02   3:47 
Tye McGinn               0  0  0   0  0   4  3  0  0  1  0/0    19:15   2:47   1:43 

Players Stats for Rafales

Player Name              G  A  P  +/- PIM S  H  SB GA TA FO     MP     PP MP  PK MP  
------------------------------------------------------------------------------------
Brian Ferlin             0  0  0   0  0   3  0  0  0  0  0/0    11:53   0:00   0:00 
Carl Klingberg           0  0  0   0  0   1  2  0  1  0  0/0    13:07   0:00   1:09 
Chris Terry              0  0  0  -3  0   0  0  0  0  0  0/0     8:02   0:00   0:25 
Cody McLeod              0  0  0  -1  2   8  3  0  1  0  0/0    21:02   4:07   2:00 
Connor Murphy            0  0  0   0  0   0  1  1  2  0  0/0    23:14   3:41   2:34 
Dennis Persson           0  0  0   2  0   0  2  0  0  1  0/0    25:30   4:15   3:23 
Dylan McIlrath           0  0  0  -3  2   0  1  1  0  2  0/0    11:51   0:00   0:00 
James Marcou             0  0  0  -3  0   0  2  0  0  1  0/0     7:37   0:00   0:00 
Jarret Stoll             2  1  3   3  0   5  0  0  2  0  2/4    12:57   0:10   1:08 
Julian Melchiori         0  1  1   0  0   0  1  0  0  0  0/0    19:44   3:41   2:34 
Kevin Veilleux           0  0  0  -3  0   1  1  1  0  0  0/2     9:04   0:00   1:26 
Maksim Mayorov           1  0  1   3  0   2  0  0  0  0  1/1    15:00   3:49   0:00 
Mark Fayne               0  2  2   2  0   3  1  1  0  0  0/0    29:02   4:15   3:23 
Mike Zigomanis           0  0  0  -1  0   4  1  0  1  0  13/35  21:41   4:07   2:59 
Milan Bartovic           0  0  0  -1  0   4  1  1  0  1  1/2    21:04   4:07   1:38 
Nathan Davis             0  0  0   0  2   3  1  1  0  0  4/6    16:57   3:39   1:09 
Slater Koekkoek          0  0  0  -3  0   2  0  0  0  2  0/0    11:14   0:00   0:00 
Tim Crowder              0  1  1   3  0   1  1  0  0  1  2/2    15:00   3:49   0:00 

3 Stars

1 - Jarret Stoll (Stf)
2 - J.T. Brown (Cap)
3 - Greg Mauldin (Cap)

Power Play

Griffins - 0 on 4 Attempt(s) - 0.00%
Rafales - 0 on 4 Attempt(s) - 0.00%

Penalty Kill

Griffins - 4 on 4 Attempt(s) - 100.00% - Score 0 goal in Penalty Kill
Rafales - 4 on 4 Attempt(s) - 100.00% - Score 0 goal in Penalty Kill

Team Stat

Griffins - Hits : 24 - Faceoff Wins : 29 - Blocked Shots : 8 - Penalty Minutes : 8
Rafales - Hits : 18 - Faceoff Wins : 23 - Blocked Shots : 6 - Penalty Minutes : 6

Official

Referees : O'Halloran Dan and McCreary Bill
Linesman : Brad Lazarowich and Steve Barton

Game Notes

1:26 of 2nd period - Penalty Shot by Mike Zigomanis for Rafales - Stopped by Malcolm Subban

Finance

Level 1 -- Attendance: 2000 (100.00%) -- Ticket Income $80,000
Level 2 -- Attendance: 898 (89.80%) -- Ticket Income $17,960
Total Attendance: 2898 (96.60%)
Total Ticket Income: $97,960
Other Income: $4,898
Total Income: $102,858

Griffins

5 vs 5 Forward 
   Center                   Left Wing                Right Wing               Time % Phy DF OF 
 1 Jamie Arniel             Tye McGinn               Petr Pohl                40     0   2  3  
 2 Devin Shore              Robert Dome              Ben Hanowski             30     0   2  3  
 3 Greg Mauldin             Pontus Aberg             J.T. Brown               20     0   2  3  
 4 Quinton Howden           Jan Mursak               Mike Duco                10     0   2  3  

5 vs 5 Defense 
   Defense                  Defense                                           Time % Phy DF OF 
 1 Lukas Krajicek           Oscar Klefbom                                     40     1   2  2  
 2 Simon Despres            Justin Braun                                      30     1   2  2  
 3 Gord Baldwin             Petter Granberg                                   20     1   2  2  
 4 Gord Baldwin             Petter Granberg                                   10     1   2  2  

PowerPlay Forward 
   Center                   Left Wing                Right Wing               Time % Phy DF OF 
 1 Jamie Arniel             Robert Dome              Petr Pohl                60     0   1  4  
 2 Devin Shore              Tye McGinn               Ben Hanowski             40     0   1  4  

PowerPlay Defense
   Defense                  Defense                                           Time % Phy DF OF 
 1 Oscar Klefbom            Lukas Krajicek                                    60     0   1  4  
 2 Petter Granberg          Simon Despres                                     40     0   1  4  

Penalty Kill 4 Players Forward 
   Center                   Wing                     Time % Phy DF OF 
 1 Jamie Arniel             Petr Pohl                60     1   2  2  
 2 Jan Mursak               Mike Duco                40     1   2  2  

Penalty Kill 4 Players Defense
   Defense                  Defense                  Time % Phy DF OF 
 1 Gord Baldwin             Lukas Krajicek           60     1   2  2  
 2 Justin Braun             Simon Despres            40     1   2  2  

Penalty Kill - 3 Players Forward 
   Forward                                           Time % Phy DF OF 
 1 Jan Mursak                                        60     1   2  2  
 2 Mike Duco                                         40     1   2  2  

Penalty Kill - 3 Players Defense
   Defense                  Defense                  Time % Phy DF OF 
 1 Gord Baldwin             Lukas Krajicek           60     1   2  2  
 2 Justin Braun             Simon Despres            40     1   2  2  

4 vs 4 Forward 
   Center                   Wing                     Time % Phy DF OF 
 1 Jamie Arniel             Petr Pohl                60     1   2  2  
 2 Greg Mauldin             Tye McGinn               40     1   2  2  

4 vs 4 Defense
   Defense                  Defense                  Time % Phy DF OF 
 1 Oscar Klefbom            Gord Baldwin             60     1   2  2  
 2 Lukas Krajicek           Justin Braun             40     1   2  2  

Last Minutes Offensive
   Center                   Left Wing                Right Wing               Defense                  Defense                  
   Jamie Arniel             Tye McGinn               Petr Pohl                Lukas Krajicek           Oscar Klefbom            

Last Minutes Defensive
   Center                   Left Wing                Right Wing               Defense                  Defense                  
   Jamie Arniel             Jan Mursak               Mike Duco                Gord Baldwin             Lukas Krajicek           

Goaltenders
Starting : Malcolm Subban           
Backup : Jason Missiaen           

Extra Forwards
Normal : Petr Pohl, Tye McGinn, Robert Dome - PP : Pontus Aberg, Ben Hanowski - PK : Petr Pohl
Extra Defensemen
Normal : Oscar Klefbom, Simon Despres, Petter Granberg - PP : Justin Braun - PK : Justin Braun, Simon Despres
Penalty Shots
Jamie Arniel, Jan Mursak, Ben Hanowski, Devin Shore, Robert Dome

Scratches
Vladislav Namestnikov (Healthy), Garrett Wilson (Healthy), Tanner Kero (Healthy), Greg McKegg (Healthy), Lucas Lessio (Healthy)
Kyle Lawson (Healthy), Brett Bulmer (Healthy), Stuart Percy (Healthy), Nathan Oystrick (Healthy), Rich Clune (Healthy)
Jerome Gauthier-Leduc (Healthy), Konrad Abeltshauser (Healthy), Tomas Hyka (Healthy), Brian Hart (Healthy), Casey Wellman (Healthy)
Thomas Greiss (Healthy)

Rafales

5 vs 5 Forward 
   Center                   Left Wing                Right Wing               Time % Phy DF OF 
 1 Mike Zigomanis           Cody McLeod              Milan Bartovic           40     1   1  3  
 2 Jarret Stoll             Maksim Mayorov           Tim Crowder              30     1   1  3  
 3 Nathan Davis             Carl Klingberg           Brian Ferlin             20     1   1  3  
 4 Kevin Veilleux           Chris Terry              James Marcou             10     1   1  3  

5 vs 5 Defense 
   Defense                  Defense                                           Time % Phy DF OF 
 1 Dennis Persson           Mark Fayne                                        40     1   3  1  
 2 Julian Melchiori         Connor Murphy                                     30     1   3  1  
 3 Dylan McIlrath           Slater Koekkoek                                   20     1   3  1  
 4 Mark Fayne               Connor Murphy                                     10     1   3  1  

PowerPlay Forward 
   Center                   Left Wing                Right Wing               Time % Phy DF OF 
 1 Mike Zigomanis           Cody McLeod              Milan Bartovic           60     0   0  5  
 2 Nathan Davis             Maksim Mayorov           Tim Crowder              40     0   0  5  

PowerPlay Defense
   Defense                  Defense                                           Time % Phy DF OF 
 1 Dennis Persson           Mark Fayne                                        60     0   2  3  
 2 Julian Melchiori         Connor Murphy                                     40     0   2  3  

Penalty Kill 4 Players Forward 
   Center                   Wing                     Time % Phy DF OF 
 1 Mike Zigomanis           Cody McLeod              60     0   4  1  
 2 Nathan Davis             Milan Bartovic           40     0   4  1  

Penalty Kill 4 Players Defense
   Defense                  Defense                  Time % Phy DF OF 
 1 Dennis Persson           Mark Fayne               60     1   4  0  
 2 Julian Melchiori         Connor Murphy            40     1   4  0  

Penalty Kill - 3 Players Forward 
   Forward                                           Time % Phy DF OF 
 1 Mike Zigomanis                                    60     0   5  0  
 2 Cody McLeod                                       40     0   5  0  

Penalty Kill - 3 Players Defense
   Defense                  Defense                  Time % Phy DF OF 
 1 Dennis Persson           Mark Fayne               60     1   4  0  
 2 Julian Melchiori         Connor Murphy            40     1   4  0  

4 vs 4 Forward 
   Center                   Wing                     Time % Phy DF OF 
 1 Mike Zigomanis           Cody McLeod              60     1   1  3  
 2 Nathan Davis             Milan Bartovic           40     1   1  3  

4 vs 4 Defense
   Defense                  Defense                  Time % Phy DF OF 
 1 Dennis Persson           Mark Fayne               60     1   3  1  
 2 Julian Melchiori         Connor Murphy            40     1   3  1  

Last Minutes Offensive
   Center                   Left Wing                Right Wing               Defense                  Defense                  
   Mike Zigomanis           Cody McLeod              Milan Bartovic           Connor Murphy            Mark Fayne               

Last Minutes Defensive
   Center                   Left Wing                Right Wing               Defense                  Defense                  
   Mike Zigomanis           Cody McLeod              Milan Bartovic           Dennis Persson           Mark Fayne               

Goaltenders
Starting : Philipp Grubauer         
Backup : Leland Irving            

Extra Forwards
Normal : Cody McLeod, Mike Zigomanis, Milan Bartovic - PP : Cody McLeod, Mike Zigomanis - PK : Kevin Veilleux
Extra Defensemen
Normal : Connor Murphy, Mark Fayne, Dennis Persson - PP : Connor Murphy - PK : Dennis Persson, Mark Fayne
Penalty Shots
Mike Zigomanis, Cody McLeod, Nathan Davis, Milan Bartovic, James Marcou

Scratches
Ben Sexton (Healthy), Cedric Paquette (Healthy), Ryan Bourque (Healthy), Ben Johnson (Healthy), Nicklas Jensen (Healthy)
Jayson Megna (Healthy), Michael Bournival (Right Forearm Injury), Brad Ross (Healthy), Ben Thomson (Left Foot Injury), David Broll (Healthy)
Stefan Chaput (Healthy), Akim Aliu (Healthy), Chris Driedger (Healthy)

% Time on Ice - Griffins

Lines # - Real PCT - Wanted PCT - Time Play
Normal Forward
1 - 33% - 40% - 14:54
2 - 27% - 30% - 11:59
3 - 20% - 20% - 9:08
4 - 20% - 10% - 8:52
Normal Defense
1 - 40% - 40% - 17:51
2 - 31% - 30% - 13:55
3 - 21% - 20% - 9:31
4 - 8% - 10% - 3:36
PP Forward
1 - 53% - 60% - 3:10
2 - 47% - 40% - 2:47
PP Defense
1 - 49% - 60% - 2:55
2 - 51% - 40% - 3:02
PK Forward
1 - 73% - 60% - 5:46
2 - 27% - 40% - 2:10
PK Defense
1 - 59% - 60% - 4:39
2 - 41% - 40% - 3:17
PK3 Forward
1 - 0% - 60%
2 - 0% - 40%
PK3 Defense
1 - 0% - 60%
2 - 0% - 40%
44 Forward
1 - 0% - 60%
2 - 0% - 40%
44 Defense
1 - 0% - 60%
2 - 0% - 40%
Last Minute Offensive  - 0:00
Last Minute Defensive  - 1:14
Total
Forward - 60:00
Defense - 60:00

% Time on Ice - Rafales

Lines # - Real PCT - Wanted PCT - Time Play
Normal Forward
1 - 30% - 40% - 13:36
2 - 26% - 30% - 11:49
3 - 26% - 20% - 11:51
4 - 17% - 10% - 7:37
Normal Defense
1 - 40% - 40% - 17:48
2 - 30% - 30% - 13:23
3 - 25% - 20% - 11:14
4 - 5% - 10% - 2:28
PP Forward
1 - 52% - 60% - 4:07
2 - 48% - 40% - 3:49
PP Defense
1 - 54% - 60% - 4:15
2 - 46% - 40% - 3:41
PK Forward
1 - 73% - 60% - 4:19
2 - 27% - 40% - 1:38
PK Defense
1 - 57% - 60% - 3:23
2 - 43% - 40% - 2:34
PK3 Forward
1 - 0% - 60%
2 - 0% - 40%
PK3 Defense
1 - 0% - 60%
2 - 0% - 40%
44 Forward
1 - 0% - 60%
2 - 0% - 40%
44 Defense
1 - 0% - 60%
2 - 0% - 40%
Last Minute Offensive  - 1:14
Last Minute Defensive  - 0:00
Total
Forward - 60:00
Defense - 60:00

Play by Play

1st period


0:01 of 1st period - Jamie Arniel wins face-off versus Milan Bartovic in neutral zone.
0:03 of 1st period - Off-side.
0:04 of 1st period - Jamie Arniel wins face-off versus Mike Zigomanis in neutral zone.
0:11 of 1st period - Slapshot by Tye McGinn.
0:11 of 1st period - Stopped by Philipp Grubauer without a rebound.
0:12 of 1st period - Tim Crowder wins face-off versus Devin Shore in Rafales zone.
0:18 of 1st period - Snap shot by Ben Hanowski.
0:18 of 1st period - Shot Misses the Net.
0:20 of 1st period - Slapshot by Simon Despres.
0:20 of 1st period - Stopped by Philipp Grubauer with a rebound.
0:22 of 1st period - Slapshot by Simon Despres.
0:22 of 1st period - Shot Blocked by Connor Murphy.
0:24 of 1st period - Snap shot by Ben Hanowski.
0:24 of 1st period - Stopped by Philipp Grubauer with a rebound.
0:26 of 1st period - Backhand shot by Ben Hanowski.
0:26 of 1st period - Shot Misses the Net.
0:28 of 1st period - Snap shot by Ben Hanowski.
0:28 of 1st period - Stopped by Philipp Grubauer without a rebound.
0:29 of 1st period - Nathan Davis wins face-off versus Greg Mauldin in Rafales zone.
0:34 of 1st period - Gord Baldwin is hit by Dylan McIlrath.
0:38 of 1st period - Dylan McIlrath is hit by Pontus Aberg.
1:02 of 1st period - Snap shot by Cody McLeod.
1:02 of 1st period - Stopped by Malcolm Subban without a rebound.
1:03 of 1st period - Quinton Howden wins face-off versus Kevin Veilleux in Griffins zone.
1:03 of 1st period - Quinton Howden is hit by Kevin Veilleux.
2:16 of 1st period - Snap shot by Greg Mauldin.
2:16 of 1st period - Shot Misses the Net.
2:18 of 1st period - Snap shot by Justin Braun.
2:18 of 1st period - Shot Blocked by Mark Fayne.
2:34 of 1st period - Justin Braun is hit by James Marcou and loses puck.
2:41 of 1st period - Snap shot by Kevin Veilleux.
2:41 of 1st period - Stopped by Malcolm Subban with a rebound.
2:43 of 1st period - Slapshot by Mark Fayne.
2:43 of 1st period - Shot Blocked by Jan Mursak.
2:45 of 1st period - Snap shot by Mark Fayne.
2:45 of 1st period - Shot Misses the Net.
3:20 of 1st period - Minor Penalty to Jamie Arniel for Tripping.
3:21 of 1st period - Devin Shore wins face-off versus Mike Zigomanis in Griffins zone.
3:54 of 1st period - Snap shot by Nathan Davis.
3:54 of 1st period - Shot Misses the Net.
4:48 of 1st period - Connor Murphy is hit by Mike Duco.
4:52 of 1st period - Julian Melchiori is hit by Mike Duco and loses puck.
5:20 of 1st period - Penalty to Jamie Arniel is over, Jamie Arniel is back on ice.
6:10 of 1st period - Cody McLeod is hit by Jamie Arniel and loses puck.
7:05 of 1st period - Julian Melchiori is hit by Petr Pohl and loses puck.
7:29 of 1st period - Brian Ferlin is hit by Devin Shore and loses puck.
7:57 of 1st period - Oscar Klefbom is hit by Dennis Persson and loses puck.
9:05 of 1st period - Snap shot by Ben Hanowski.
9:05 of 1st period - Stopped by Philipp Grubauer with a rebound.
9:17 of 1st period - Jan Mursak is hit by Milan Bartovic and loses puck.
9:28 of 1st period - Carl Klingberg is hit by Gord Baldwin.
10:17 of 1st period - Maksim Mayorov is hit by Tye McGinn and loses puck.
10:36 of 1st period - Lukas Krajicek is hit by Cody McLeod and loses puck.
10:51 of 1st period - James Marcou is hit by Lukas Krajicek and loses puck.
11:06 of 1st period - Robert Dome is hit by Carl Klingberg.
11:10 of 1st period - Nathan Davis is hit by Devin Shore and loses puck.
11:25 of 1st period - Snap shot by Tim Crowder.
11:25 of 1st period - Stopped by Malcolm Subban with a rebound.
11:31 of 1st period - Wrist shot by Jarret Stoll.
11:31 of 1st period - Stopped by Malcolm Subban with a rebound.
11:38 of 1st period - Icing by Jamie Arniel.
11:39 of 1st period - Mike Zigomanis wins face-off versus Jamie Arniel in Griffins zone.
11:40 of 1st period - Snap shot by Cody McLeod.
11:40 of 1st period - Stopped by Malcolm Subban without a rebound.
11:41 of 1st period - Mike Zigomanis wins face-off versus Devin Shore in Griffins zone.
11:44 of 1st period - Wrist shot by Cody McLeod.
11:44 of 1st period - Stopped by Malcolm Subban with a rebound.
11:46 of 1st period - Wrist shot by Mike Zigomanis.
11:46 of 1st period - Stopped by Malcolm Subban with a rebound.
11:48 of 1st period - Slapshot by Julian Melchiori.
11:48 of 1st period - Shot Misses the Net.
11:50 of 1st period - Snap shot by Mike Zigomanis.
11:50 of 1st period - Stopped by Malcolm Subban with a rebound.
11:52 of 1st period - Slapshot by Mike Zigomanis.
11:52 of 1st period - Stopped by Malcolm Subban with a rebound.
11:56 of 1st period - Snap shot by Cody McLeod.
11:56 of 1st period - Stopped by Malcolm Subban with a rebound.
12:29 of 1st period - Oscar Klefbom is hit by Carl Klingberg and loses puck.
12:49 of 1st period - Off-side.
12:50 of 1st period - Mike Zigomanis wins face-off versus Jan Mursak in neutral zone.
12:55 of 1st period - Backhand shot by Milan Bartovic.
12:55 of 1st period - Stopped by Malcolm Subban with a rebound.
13:14 of 1st period - Cody McLeod is hit by Tye McGinn and loses puck.
13:45 of 1st period - Snap shot by Tim Crowder.
13:45 of 1st period - Shot Misses the Net.
13:47 of 1st period - Slapshot by Mark Fayne.
13:47 of 1st period - Stopped by Malcolm Subban with a rebound.
14:13 of 1st period - Snap shot by Ben Hanowski.
14:13 of 1st period - Shot Misses the Net.
14:15 of 1st period - Slapshot by Oscar Klefbom.
14:15 of 1st period - Shot Blocked by Nathan Davis.
14:17 of 1st period - Slapshot by Lukas Krajicek.
14:17 of 1st period - Stopped by Philipp Grubauer with a rebound.
14:19 of 1st period - Snap shot by Robert Dome.
14:19 of 1st period - Stopped by Philipp Grubauer with a rebound.
14:21 of 1st period - Wrist shot by Devin Shore.
14:21 of 1st period - Shot Misses the Net.
14:23 of 1st period - Wrist shot by Devin Shore.
14:23 of 1st period - Stopped by Philipp Grubauer with a rebound.
15:01 of 1st period - Slapshot by Robert Dome.
15:01 of 1st period - Stopped by Philipp Grubauer with a rebound.
15:03 of 1st period - Snap shot by Ben Hanowski.
15:03 of 1st period - Stopped by Philipp Grubauer without a rebound.
15:04 of 1st period - Mike Zigomanis wins face-off versus Jamie Arniel in Rafales zone.
15:44 of 1st period - Slapshot by Jarret Stoll.
15:44 of 1st period - Stopped by Malcolm Subban with a rebound.
16:38 of 1st period - Nathan Davis is hit by J.T. Brown.
16:53 of 1st period - Simon Despres is hit by James Marcou and loses puck.
18:05 of 1st period - Robert Dome is hit by Cody McLeod and loses puck.
18:33 of 1st period - Tim Crowder is hit by Simon Despres and loses puck.
19:44 of 1st period - Off-side.
19:45 of 1st period - Tim Crowder wins face-off versus Quinton Howden in neutral zone.
19:50 of 1st period - Lukas Krajicek is hit by Tim Crowder and loses puck.
Goals for this period are 0 for Griffins vs 0 for Rafales.
Shots for this period are 10 for Griffins vs 13 for Rafales.

2nd period


0:01 of 2nd period - Jamie Arniel wins face-off versus Mike Zigomanis in neutral zone.
0:14 of 2nd period - Off-side.
0:15 of 2nd period - Devin Shore wins face-off versus Jarret Stoll in neutral zone.
1:09 of 2nd period - Slapshot by Greg Mauldin.
1:09 of 2nd period - Goal by Greg Mauldin - Griffins : 1 - Rafales : 0.
1:10 of 2nd period - Jamie Arniel wins face-off versus Mike Zigomanis in neutral zone.
1:19 of 2nd period - Slapshot by Petr Pohl.
1:19 of 2nd period - Stopped by Philipp Grubauer with a rebound.
1:21 of 2nd period - Snap shot by Justin Braun.
1:21 of 2nd period - Shot Misses the Net.
1:26 of 2nd period - Penalty Shot by Mike Zigomanis for Rafales.
1:26 of 2nd period - Deke by Mike Zigomanis.
1:26 of 2nd period - Stopped by Malcolm Subban.
1:27 of 2nd period - Maksim Mayorov wins face-off versus Robert Dome in Rafales zone.
1:31 of 2nd period - Slapshot by Mark Fayne.
1:31 of 2nd period - Deflect By Petter Granberg.
1:31 of 2nd period - Stopped by Malcolm Subban with a rebound.
1:33 of 2nd period - Wrist shot by Maksim Mayorov.
1:33 of 2nd period - Goal by Maksim Mayorov - Griffins : 1 - Rafales : 1.
1:34 of 2nd period - Jamie Arniel wins face-off versus Mike Zigomanis in neutral zone.
1:39 of 2nd period - Snap shot by Tye McGinn.
1:39 of 2nd period - Shot Misses the Net.
1:41 of 2nd period - Wrist shot by Jamie Arniel.
1:41 of 2nd period - Shot Misses the Net.
1:43 of 2nd period - Snap shot by Justin Braun.
1:43 of 2nd period - Deflect By Jamie Arniel.
1:43 of 2nd period - Stopped by Philipp Grubauer without a rebound.
1:44 of 2nd period - Jamie Arniel wins face-off versus Mike Zigomanis in Rafales zone.
1:55 of 2nd period - Snap shot by Petr Pohl.
1:55 of 2nd period - Shot Misses the Net.
1:57 of 2nd period - Slapshot by Justin Braun.
1:57 of 2nd period - Shot Misses the Net.
1:59 of 2nd period - Snap shot by Tye McGinn.
1:59 of 2nd period - Stopped by Philipp Grubauer with a rebound.
2:01 of 2nd period - Snap shot by Justin Braun.
2:01 of 2nd period - Shot Misses the Net.
2:03 of 2nd period - Slapshot by Simon Despres.
2:03 of 2nd period - Shot Blocked by Milan Bartovic.
2:05 of 2nd period - Snap shot by Tye McGinn.
2:05 of 2nd period - Shot Hit the Post.
2:12 of 2nd period - Snap shot by Petr Pohl.
2:12 of 2nd period - Stopped by Philipp Grubauer without a rebound.
2:13 of 2nd period - Jarret Stoll wins face-off versus Devin Shore in Rafales zone.
2:40 of 2nd period - Julian Melchiori is hit by J.T. Brown and loses puck.
6:05 of 2nd period - Snap shot by Quinton Howden.
6:05 of 2nd period - Shot Misses the Net.
6:25 of 2nd period - Snap shot by Cody McLeod.
6:25 of 2nd period - Shot Misses the Net.
6:27 of 2nd period - Snap shot by Mike Zigomanis.
6:27 of 2nd period - Stopped by Malcolm Subban with a rebound.
6:29 of 2nd period - Wrist shot by Milan Bartovic.
6:29 of 2nd period - Shot Blocked by Oscar Klefbom.
6:31 of 2nd period - Snap shot by Cody McLeod.
6:31 of 2nd period - Deflect By Oscar Klefbom.
6:31 of 2nd period - Shot Blocked by Oscar Klefbom.
6:31 of 2nd period - Puck is out of play.
6:32 of 2nd period - Jarret Stoll wins face-off versus Jamie Arniel in Griffins zone.
8:03 of 2nd period - Snap shot by Tim Crowder.
8:03 of 2nd period - Shot Blocked by Gord Baldwin.
8:05 of 2nd period - Slapshot by Maksim Mayorov.
8:05 of 2nd period - Stopped by Malcolm Subban without a rebound.
8:06 of 2nd period - Jamie Arniel wins face-off versus Mike Zigomanis in Griffins zone.
8:36 of 2nd period - Wrist shot by Carl Klingberg.
8:36 of 2nd period - Shot Misses the Net.
8:38 of 2nd period - Slapshot by Slater Koekkoek.
8:38 of 2nd period - Stopped by Malcolm Subban without a rebound.
8:39 of 2nd period - Nathan Davis wins face-off versus Devin Shore in Griffins zone.
9:12 of 2nd period - Snap shot by Brian Ferlin.
9:12 of 2nd period - Stopped by Malcolm Subban with a rebound.
9:14 of 2nd period - Snap shot by Carl Klingberg.
9:14 of 2nd period - Deflect By Brian Ferlin.
9:14 of 2nd period - Stopped by Malcolm Subban without a rebound.
9:15 of 2nd period - Mike Zigomanis wins face-off versus Jamie Arniel in Griffins zone.
9:20 of 2nd period - Snap shot by Cody McLeod.
9:20 of 2nd period - Shot Misses the Net.
9:22 of 2nd period - Snap shot by Milan Bartovic.
9:22 of 2nd period - Stopped by Malcolm Subban with a rebound.
9:45 of 2nd period - Snap shot by Pontus Aberg.
9:45 of 2nd period - Stopped by Philipp Grubauer with a rebound.
10:03 of 2nd period - Petter Granberg is hit by Connor Murphy.
10:25 of 2nd period - Snap shot by Ben Hanowski.
10:25 of 2nd period - Stopped by Philipp Grubauer without a rebound.
10:26 of 2nd period - Devin Shore wins face-off versus Mike Zigomanis in Rafales zone.
10:51 of 2nd period - Mark Fayne is hit by Jamie Arniel and loses puck.
11:04 of 2nd period - Snap shot by Petr Pohl.
11:04 of 2nd period - Stopped by Philipp Grubauer with a rebound.
11:16 of 2nd period - Mark Fayne is hit by Jan Mursak and loses puck.
11:23 of 2nd period - Snap shot by Mike Duco.
11:23 of 2nd period - Deflect By Jan Mursak.
11:23 of 2nd period - Stopped by Philipp Grubauer with a rebound.
11:39 of 2nd period - Tim Crowder is hit by Gord Baldwin and loses puck.
11:52 of 2nd period - Snap shot by Jarret Stoll.
11:52 of 2nd period - Stopped by Malcolm Subban with a rebound.
12:09 of 2nd period - Snap shot by Jarret Stoll.
12:09 of 2nd period - Goal by Jarret Stoll - Griffins : 1 - Rafales : 2.
12:10 of 2nd period - Jamie Arniel wins face-off versus Mike Zigomanis in neutral zone.
12:35 of 2nd period - Ben Hanowski is hit by Nathan Davis and loses puck.
12:58 of 2nd period - Wrist shot by J.T. Brown.
12:58 of 2nd period - Goal by J.T. Brown - Griffins : 2 - Rafales : 2.
12:59 of 2nd period - Petr Pohl wins face-off versus Mike Zigomanis in neutral zone.
13:06 of 2nd period - Snap shot by Petr Pohl.
13:06 of 2nd period - Stopped by Philipp Grubauer with a rebound.
13:08 of 2nd period - Wrist shot by Tye McGinn.
13:08 of 2nd period - Deflect By Jamie Arniel.
13:08 of 2nd period - Stopped by Philipp Grubauer with a rebound.
13:10 of 2nd period - Snap shot by Jamie Arniel.
13:10 of 2nd period - Stopped by Philipp Grubauer without a rebound.
13:11 of 2nd period - Jamie Arniel wins face-off versus Mike Zigomanis in Rafales zone.
13:22 of 2nd period - Snap shot by Milan Bartovic.
13:22 of 2nd period - Shot Blocked by Petr Pohl.
13:24 of 2nd period - Wrist shot by Cody McLeod.
13:24 of 2nd period - Stopped by Malcolm Subban with a rebound.
14:06 of 2nd period - Slapshot by Oscar Klefbom.
14:06 of 2nd period - Shot Blocked by Dylan McIlrath.
14:20 of 2nd period - Snap shot by Jamie Arniel.
14:20 of 2nd period - Shot Hit the Post.
14:41 of 2nd period - Snap shot by Nathan Davis.
14:41 of 2nd period - Shot Misses the Net.
14:43 of 2nd period - Slapshot by Nathan Davis.
14:43 of 2nd period - Stopped by Malcolm Subban with a rebound.
14:45 of 2nd period - Snap shot by Nathan Davis.
14:45 of 2nd period - Shot Misses the Net.
15:11 of 2nd period - Wrist shot by Nathan Davis.
15:11 of 2nd period - Stopped by Malcolm Subban with a rebound.
15:13 of 2nd period - Slapshot by Brian Ferlin.
15:13 of 2nd period - Stopped by Malcolm Subban with a rebound.
15:15 of 2nd period - Slapshot by Carl Klingberg.
15:15 of 2nd period - Stopped by Malcolm Subban with a rebound.
15:17 of 2nd period - Slapshot by Brian Ferlin.
15:17 of 2nd period - Shot Misses the Net.
15:19 of 2nd period - Snap shot by Nathan Davis.
15:19 of 2nd period - Stopped by Malcolm Subban with a rebound.
15:21 of 2nd period - Wrist shot by Brian Ferlin.
15:21 of 2nd period - Shot Misses the Net.
15:23 of 2nd period - Wrist shot by Carl Klingberg.
15:23 of 2nd period - Shot Misses the Net.
15:25 of 2nd period - Snap shot by Slater Koekkoek.
15:25 of 2nd period - Deflect By Gord Baldwin.
15:25 of 2nd period - Stopped by Malcolm Subban without a rebound.
15:26 of 2nd period - Devin Shore wins face-off versus Mike Zigomanis in Griffins zone.
16:42 of 2nd period - Minor Penalty to Oscar Klefbom for Tripping.
16:43 of 2nd period - Jamie Arniel wins face-off versus Mike Zigomanis in Griffins zone.
16:43 of 2nd period - Jamie Arniel is hit by Mike Zigomanis.
17:27 of 2nd period - Justin Braun is hit by Cody McLeod and loses puck.
18:06 of 2nd period - Justin Braun is hit by Julian Melchiori and loses puck.
18:42 of 2nd period - Penalty to Oscar Klefbom is over, Oscar Klefbom is back on ice.
19:21 of 2nd period - Carl Klingberg is hit by Devin Shore and loses puck.
19:48 of 2nd period - Slapshot by Mike Duco.
19:48 of 2nd period - Shot Blocked by Kevin Veilleux.
19:50 of 2nd period - Wrist shot by Quinton Howden.
19:50 of 2nd period - Goal by Quinton Howden - Griffins : 3 - Rafales : 2.
19:51 of 2nd period - Mike Zigomanis wins face-off versus Jamie Arniel in neutral zone.
Goals for this period are 3 for Griffins vs 2 for Rafales.
Shots for this period are 14 for Griffins vs 17 for Rafales.

3rd period


0:01 of 3rd period - Jamie Arniel wins face-off versus Mike Zigomanis in neutral zone.
0:11 of 3rd period - Wrist shot by Cody McLeod.
0:11 of 3rd period - Shot Blocked by Oscar Klefbom.
1:16 of 3rd period - Snap shot by Robert Dome.
1:16 of 3rd period - Stopped by Philipp Grubauer with a rebound.
1:18 of 3rd period - Snap shot by Ben Hanowski.
1:18 of 3rd period - Goal by Ben Hanowski - Griffins : 4 - Rafales : 2.
1:19 of 3rd period - Jamie Arniel wins face-off versus Mike Zigomanis in neutral zone.
1:22 of 3rd period - Wrist shot by Petr Pohl.
1:22 of 3rd period - Shot Misses the Net.
1:24 of 3rd period - Minor Penalty to Cody McLeod for Roughing.
1:25 of 3rd period - Mike Zigomanis wins face-off versus Jamie Arniel in Rafales zone.
2:27 of 3rd period - Connor Murphy is hit by Tye McGinn and loses puck.
3:00 of 3rd period - Lukas Krajicek is hit by Dennis Persson and loses puck.
3:24 of 3rd period - Penalty to Cody McLeod is over, Cody McLeod is back on ice.
3:51 of 3rd period - Carl Klingberg is hit by Simon Despres and loses puck.
4:57 of 3rd period - Tim Crowder is hit by Robert Dome.
5:13 of 3rd period - Snap shot by Mike Zigomanis.
5:13 of 3rd period - Shot Misses the Net.
5:50 of 3rd period - Minor Penalty to Devin Shore for Roughing.
5:51 of 3rd period - Jamie Arniel wins face-off versus Mike Zigomanis in Griffins zone.
6:19 of 3rd period - Slapshot by Mark Fayne.
6:19 of 3rd period - Deflect By Jamie Arniel.
6:19 of 3rd period - Stopped by Malcolm Subban without a rebound.
6:20 of 3rd period - Jamie Arniel wins face-off versus Nathan Davis in Griffins zone.
6:54 of 3rd period - Snap shot by Tim Crowder.
6:54 of 3rd period - Shot Misses the Net.
7:14 of 3rd period - Dennis Persson is hit by Mike Duco and loses puck.
7:26 of 3rd period - Icing by Milan Bartovic.
7:27 of 3rd period - Mike Zigomanis wins face-off versus Quinton Howden in Rafales zone.
7:34 of 3rd period - Snap shot by Tim Crowder.
7:34 of 3rd period - Shot Misses the Net.
7:36 of 3rd period - Snap shot by Tim Crowder.
7:36 of 3rd period - Shot Misses the Net.
7:38 of 3rd period - Snap shot by Maksim Mayorov.
7:38 of 3rd period - Shot Misses the Net.
7:40 of 3rd period - Slapshot by Dennis Persson.
7:40 of 3rd period - Shot Misses the Net.
7:50 of 3rd period - Penalty to Devin Shore is over, Devin Shore is back on ice.
8:34 of 3rd period - Icing by Dennis Persson.
8:35 of 3rd period - Nathan Davis wins face-off versus Jamie Arniel in Rafales zone.
8:39 of 3rd period - Off-side.
8:40 of 3rd period - Mike Zigomanis wins face-off versus Jamie Arniel in neutral zone.
8:45 of 3rd period - Snap shot by Cody McLeod.
8:45 of 3rd period - Stopped by Malcolm Subban with a rebound.
8:47 of 3rd period - Slapshot by Julian Melchiori.
8:47 of 3rd period - Shot Misses the Net.
9:07 of 3rd period - Wrist shot by Nathan Davis.
9:07 of 3rd period - Shot Hit the Post.
9:33 of 3rd period - Snap shot by Petr Pohl.
9:33 of 3rd period - Shot Misses the Net.
9:35 of 3rd period - Slapshot by Justin Braun.
9:35 of 3rd period - Deflect By Jamie Arniel.
9:35 of 3rd period - Shot Misses the Net.
9:35 of 3rd period - Puck is out of play.
9:36 of 3rd period - Devin Shore wins face-off versus Mike Zigomanis in Rafales zone.
9:52 of 3rd period - Minor Penalty to Lukas Krajicek for Hooking.
9:53 of 3rd period - Mike Zigomanis wins face-off versus Jamie Arniel in Griffins zone.
10:01 of 3rd period - Snap shot by Cody McLeod.
10:01 of 3rd period - Deflect By Mike Zigomanis.
10:01 of 3rd period - Shot Misses the Net.
10:01 of 3rd period - Puck is out of play.
10:02 of 3rd period - Milan Bartovic wins face-off versus Jamie Arniel in Griffins zone.
11:47 of 3rd period - Simon Despres is hit by Mark Fayne and loses puck.
11:52 of 3rd period - Penalty to Lukas Krajicek is over, Lukas Krajicek is back on ice.
12:10 of 3rd period - Snap shot by Greg Mauldin.
12:10 of 3rd period - Stopped by Philipp Grubauer with a rebound.
12:12 of 3rd period - Snap shot by Devin Shore.
12:12 of 3rd period - Stopped by Philipp Grubauer without a rebound.
12:13 of 3rd period - Devin Shore wins face-off versus Kevin Veilleux in Rafales zone.
12:20 of 3rd period - Slater Koekkoek is hit by Ben Hanowski and loses puck.
12:25 of 3rd period - Snap shot by Ben Hanowski.
12:25 of 3rd period - Stopped by Philipp Grubauer without a rebound.
12:26 of 3rd period - Jamie Arniel wins face-off versus Mike Zigomanis in Rafales zone.
12:27 of 3rd period - Wrist shot by Petr Pohl.
12:27 of 3rd period - Deflect By Tye McGinn.
12:27 of 3rd period - Stopped by Philipp Grubauer without a rebound.
12:28 of 3rd period - Jamie Arniel wins face-off versus Mike Zigomanis in Rafales zone.
12:37 of 3rd period - Snap shot by Jamie Arniel.
12:37 of 3rd period - Stopped by Philipp Grubauer with a rebound.
12:39 of 3rd period - Slapshot by Tye McGinn.
12:39 of 3rd period - Stopped by Philipp Grubauer without a rebound.
12:40 of 3rd period - Mike Zigomanis wins face-off versus Petr Pohl in Rafales zone.
12:47 of 3rd period - Slapshot by Milan Bartovic.
12:47 of 3rd period - Stopped by Malcolm Subban without a rebound.
12:48 of 3rd period - Mike Zigomanis wins face-off versus Jamie Arniel in Griffins zone.
13:33 of 3rd period - Snap shot by Nathan Davis.
13:33 of 3rd period - Shot Misses the Net.
13:51 of 3rd period - Minor Penalty to Nathan Davis for Diving.
13:52 of 3rd period - Mike Zigomanis wins face-off versus Jamie Arniel in Rafales zone.
15:51 of 3rd period - Penalty to Nathan Davis is over, Nathan Davis is back on ice.
16:02 of 3rd period - Minor Penalty to Dylan McIlrath for Hooking.
16:03 of 3rd period - Devin Shore wins face-off versus Mike Zigomanis in Rafales zone.
16:39 of 3rd period - Off-side.
16:40 of 3rd period - Nathan Davis wins face-off versus Ben Hanowski in neutral zone.
16:49 of 3rd period - Wrist shot by Oscar Klefbom.
16:49 of 3rd period - Shot Misses the Net.
16:51 of 3rd period - Wrist shot by Tye McGinn.
16:51 of 3rd period - Shot Misses the Net.
17:53 of 3rd period - Dennis Persson is hit by Simon Despres and loses puck.
18:02 of 3rd period - Penalty to Dylan McIlrath is over, Dylan McIlrath is back on ice.
18:13 of 3rd period - Icing by Milan Bartovic.
18:14 of 3rd period - Quinton Howden wins face-off versus Nathan Davis in Rafales zone.
18:39 of 3rd period - Wrist shot by Nathan Davis.
18:39 of 3rd period - Deflect By Milan Bartovic.
18:39 of 3rd period - Stopped by Malcolm Subban without a rebound.
18:40 of 3rd period - Greg Mauldin wins face-off versus Jarret Stoll in Griffins zone.
18:45 of 3rd period - Snap shot by Jarret Stoll.
18:45 of 3rd period - Goal by Jarret Stoll - Griffins : 4 - Rafales : 3.
18:46 of 3rd period - Jamie Arniel wins face-off versus Mike Zigomanis in neutral zone.
19:04 of 3rd period - Rafales, Philipp Grubauer is pulled from the net.
19:10 of 3rd period - Slapshot by Cody McLeod.
19:10 of 3rd period - Stopped by Malcolm Subban with a rebound.
19:12 of 3rd period - Wrist shot by Mike Zigomanis.
19:12 of 3rd period - Deflect By Cody McLeod.
19:12 of 3rd period - Stopped by Malcolm Subban with a rebound.
19:14 of 3rd period - Wrist shot by Mike Zigomanis.
19:14 of 3rd period - Shot Misses the Net.
19:16 of 3rd period - Slapshot by Cody McLeod.
19:16 of 3rd period - Shot Blocked by Lukas Krajicek.
19:18 of 3rd period - Slapshot by Connor Murphy.
19:18 of 3rd period - Shot Blocked by Lukas Krajicek.
19:22 of 3rd period - Snap shot by Mark Fayne.
19:22 of 3rd period - Deflect By Mike Zigomanis.
19:22 of 3rd period - Shot Misses the Net.
19:22 of 3rd period - Puck is out of play.
19:23 of 3rd period - Paul MacLean call a timeout for Rafales.
19:23 of 3rd period - Jamie Arniel wins face-off versus Mike Zigomanis in Griffins zone.
Goals for this period are 1 for Griffins vs 1 for Rafales.
Shots for this period are 8 for Griffins vs 7 for Rafales.